Map: Prion Terraces

Players

Chance - Winner!

  • Race: Protoss Protoss
  • League: Diamond

hatibe

  • Race: Terran Terran
  • League: Platinum

VOD

Have the link to the VOD?

Description

Time

  • Played on: Nov. 10, 2015, 12:52 a.m.
  • Length: 3:30
Show
View Real Time Build Order
Export as new Build Order

Chance Protoss - Winner!

Build Orders: Oracle Opening 

Get SALT Encoding   

  12  0:01  Probe (Chrono Boost)  
  13  0:11  Probe (Chrono Boost)  
  14  0:18  Pylon  
  14  0:22  Probe (Chrono Boost)  
  15  0:36  Probe (Chrono Boost)  
  15  0:38  Gateway  
  15  0:42  Assimilator  
  16  0:47  Probe (Chrono Boost)  
  17  0:52  Assimilator  
  17  0:57  Probe (Chrono Boost)  
  18  1:08  Probe (Chrono Boost)  
  19  1:15  Pylon  
  20  1:18  Probe (Chrono Boost)  
  20  1:26  Cybernetics Core  
  20  1:29  Probe (Chrono Boost)  
  21  1:36  Pylon  
  21  1:39  Probe (Chrono Boost)  
  22  1:50  Probe (Chrono Boost)  
  24  2:04  Adept (Chrono Boost)  
  24  2:05  Stargate  
  24  2:06  Mothership Core  
  27  2:27  Probe  
  27  2:28  Adept (Chrono Boost)  
  30  2:40  Probe  
  31  2:50  Oracle (Chrono Boost)  
  34  2:51  Adept  
  34  2:54  Pylon  
  34  2:56  Pylon  
  36  3:00  Probe  
  37  3:06  Pylon  
Show
View Real Time Build Order
Export as new Build Order

hatibe Terran 

Build Orders: Reaper Expand 

Get SALT Encoding   

  12  0:00  SCV  
  13  0:13  SCV  
  14  0:17  Supply Depot  
  14  0:25  SCV  
  15  0:39  SCV  
  15  0:40  Barracks  
  16  0:45  Refinery  
  16  0:51  SCV  
  17  1:03  SCV  
  18  1:15  SCV  
  19  1:29  Reaper, Orbital Command  
  20  1:41  Command Center  
  20  1:50  Supply Depot  
  20  1:57  SCV  
  21  2:02  Barracks Reactor  
  21  2:10  SCV  
  22  2:22  SCV  
  23  2:23  Factory  
  23  2:34  SCV  
  24  2:42  Marine x2  
  26  2:46  SCV  
  26  2:47  Bunker  
  27  3:00  Marine x2  
  27  3:01  SCV  
  25  3:27  Starport  
Tags
 
Add a new tag
Caveats
  • Supply blocks, unpowered buildings, or Contaminate may cause inaccurate times.
  • Supply counts are checked every 10 seconds.